Unix NetHack Version 5.0.0-0 post-release - last build May 31 2026 23:59:36 (970b52f25bf058293b47ddfd14a1e40e571c508c,branch:main).

Game began 2026-06-04 00:45:44, ended 2026-06-04 00:49:53.

DaveT, lawful male human Priest

             -------
             |..>...
             ...@..|
             |..o..|
             ---|---
                ##                                         -------------
                 ##                                    ####-.....{.<...|
                  #                                    ##  |...........|
                  #                                  ###   |...........|
                 -.----                               #    -------------
                 |.....                               #
                 |..:.|                           #####
                 |.....############################
                 |....|
                 |....|
                 ------

DaveT the Acolyte            St:10 Dx:10 Co:16 In:14 Wi:16 Ch:9  Lawful
Dlvl:3  $:822 HP:0(23) Pw:36(36) AC:1  Xp:3 T:1237  Satiated Burdened

Latest messages:
 You fall down the stairs.
 You hear a door open.
 That door is closed.
 The door opens.
 You miss the iguana.
 You hit the iguana.
 The iguana bites!
 You miss the iguana.
 You miss the iguana.
 The iguana misses!
 You kill the iguana!
 You hear someone cursing shoplifters.
 You see here 4 gold pieces.
 You have a little trouble lifting $ - 4 gold pieces (822 in total).
 You see here a statue of an iguana.
 You stop searching.
 You miss the coyote.
 The coyote bites!
 You miss the coyote.
 The coyote misses!
 You kill the coyote!
 You see here a lock pick.
 You have a little trouble lifting t - a lock pick.
 You find a hidden door.
 The door resists!
 The door resists!
 The door resists!
 The door opens.
 You see here a cursed pink potion.
 You have a little trouble lifting u - a cursed pink potion.
 You hear a nearby zap.
 The wand misses you.
 The hobgoblin zaps an iridium wand!
 The wand misses you.
 The hobgoblin zaps an iridium wand!
 The wand misses you.
 The hobgoblin zaps an iridium wand!
 The wand misses you.
 You miss the hobgoblin.
 The hobgoblin zaps an iridium wand!
 The wand hits you!
 You miss the hobgoblin.
 The hobgoblin zaps a wand of striking!
 The wand hits you!
 You die...
 Do you want your possessions identified? [ynq] (y) y
 Do you want to see your attributes? [ynq] (y) n
 Do you want an account of creatures vanquished? [ynaq] (y) n
 Do you want to see your conduct and achievements? [ynq] (y) y
 Do you want to see the dungeon overview? [ynq] (y) n

Inventory:
 Coins    ('$')
  $ - 822 gold pieces
 Weapons  (')')
  l - 9 +0 orcish arrows
  o - a +0 crossbow
  a - a blessed +1 mace (weapon in right hand)
 Armor    ('[')
  c - a +0 small shield (being worn)
  b - a +0 robe (being worn)
  m - a +0 splint mail (being worn)
 Comestibles  ('%')
  e - a clove of garlic
  p - 3 food rations
  f - a sprig of wolfsbane
  s - a lichen corpse
 Spellbooks  ('+')
  g - a spellbook of healing
  h - a spellbook of identify
 Potions  ('!')
  q - a cursed potion of booze
  u - a cursed potion of speed
  d - 4 potions of holy water
 Wands    ('/')
  k - a blessed wand of digging (0:3)
 Tools    ('(')
  j - a credit card
  n - a leash
  t - a lock pick
  i - a magic marker (0:21)
 Gems/Stones  ('*')
  r - a worthless piece of green glass

DaveT the Priest's attributes:

Background:
 You were an Acolyte, a level 3 human Priest.
 You were lawful, nominally on a mission for Mercury
 who was opposed by Venus (neutral) and Mars (chaotic).
 You were right-handed.
 You were in the Dungeons of Doom, on level 3.
 You entered the dungeon 1237 turns ago.
 It was the midnight hour.
 You had 59 experience points, 21 more were needed to attain level 4.

Basics:
 You had 0 out of 23 hit points.
 You had all 36 energy points (spell power).
 Your armor class was 1.
 Your wallet contained 822 zorkmids.
 Autopickup was off.

Final Characteristics:
 Your strength was 10 (limit:18/100).
 Your dexterity was 10 (limit:18).
 Your constitution was 16 (limit:18).
 Your intelligence was 14 (limit:18).
 Your wisdom was 16 (limit:18).
 Your charisma was 9 (limit:18).

Final Status:
 You were satiated.
 You were burdened; movement was slightly slowed.
 You were wielding a mace.
 You had basic skill with mace.

Final Attributes:
 You were devoutly aligned.
 You were guarded.
 Your spell casting was impaired by metallic armor, mitigated by your robe.
 You are dead.

Miscellaneous:
 You didn't encounter any bones levels.
 Total elapsed playing time was 4 minutes and 8 seconds.

Major events:
 Turn
    1: DaveT the lawful human Priest entered the dungeon
  586: entered the Gnomish Mines
  863: attained the rank of Acolyte (level 3)
 1237: killed by a wand

Spells:
 Name                 Level Category     Fail Retention
 healing                1   healing       22%  76%-100%
 identify               3   divination   100%  76%-100%

Skills:
 Fighting Skills
   bare handed combat [Unskilled]
 Weapon Skills
   club               [Unskilled]
   mace               [Basic]
   morning star       [Unskilled]
   flail              [Unskilled]
   hammer             [Unskilled]
   quarterstaff       [Unskilled]
   polearms           [Unskilled]
   spear              [Unskilled]
   trident            [Unskilled]
   lance              [Unskilled]
   bow                [Unskilled]
   sling              [Unskilled]
   crossbow           [Unskilled]
   dart               [Unskilled]
   shuriken           [Unskilled]
   boomerang          [Unskilled]
   unicorn horn       [Unskilled]
 Spellcasting Skills
   healing spells     [Unskilled]
   divination spells  [Unskilled]
   clerical spells    [Basic]

Voluntary challenges:
 Character rerolling was not enabled.
 You were an atheist.
 You never genocided any monsters.
 You never polymorphed an object.
 You never changed form.
 You used no wishes.
Achievements:
 You entered a shop.
 You entered the Gnomish Mines.
 You attained the rank of Acolyte.

 The Dungeons of Doom: levels 1 to 3
    Level 1:
       Some fountains.
    Level 2:
       A potion shop.
       Stairs down to The Gnomish Mines.
    Level 3: <- You were here.
       A fountain.
       Final resting place for
          you, killed by a wand.
 The Gnomish Mines:
    Level 3:


Vanquished creatures:
 an iguana
  a coyote
  a yellow mold
 12 jackals
  2 foxes
  2 kobolds
  a goblin
  2 sewer rats
  3 grid bugs
  2 lichens
  4 newts
31 creatures vanquished.

No species were genocided or became extinct.

Game over:
                       ----------
                      /          \
                     /    REST    \
                    /      IN      \
                   /     PEACE      \
                  /                  \
                  |      DaveT       |
                  |      822 Au      |
                  | killed by a wand |
                  |                  |
                  |                  |
                  |                  |
                  |       2026       |
                 *|     *  *  *      | *
        _________)/\\_//(\/(/\)/\//\/|_)_______

Goodbye DaveT the Priest...

You died in The Dungeons of Doom on dungeon level 3 with 1086 points,
and 822 pieces of gold, after 1237 moves.
You were level 3 with a maximum of 23 hit points when you died.

